 Dungeon Crawl Stone Soup version 0.29-a0-297-g7659ce593d (webtiles) character file.

Game seed: 9905428862615078663

152 Dabor the Grave Robber (level 5, -5/35 HPs)
             Began as a Mummy Necromancer on Mar 21, 2022.
             Slain by Pikel
             ... wielding a +2 whip of flaming
              (9 damage)
             ... on level 4 of the Dungeon.
             The game lasted 00:08:39 (3875 turns).

Dabor the Grave Robber (Mummy Necromancer)          Turns: 3875, Time: 00:08:39

Health: -5/35      AC:  2    Str:  9 (11) XL:     5   Next: 11%
Magic:  1/11       EV: 12    Int: 11 (17) God:
Gold:   126        SH:  0    Dex:  9 (12) Spells: 3/12 levels left

rFire   x . .      SeeInvis .   h - staff of conjuration
rCold   + . .      Faith    .   (no shield)
rNeg    + + +      Spirit   .   a - +0 robe
rPois   ∞          Reflect  .   (no helmet)
rElec   .          Harm     .   (no cloak)
rCorr   .          Rampage  .   (no gloves)
Will    .....                   (no boots)
Stlth   ++........              (no amulet)
HPRegen 0.11/turn               (no ring)
MPRegen 0.12/turn               (no ring)

@: slowed, very slow
A: cold resistance 1, negative energy resistance 3, torment resistance 2, heat
vulnerability 1, in touch with death 1, no potions
a: no special abilities


You were on level 4 of the Dungeon.
You visited 1 branch of the dungeon, and saw 4 of its levels.

You collected 126 gold pieces.

Inventory:

Armour
 a - a +0 robe (worn)
Magical Staves
 h - a staff of conjuration (weapon)
Jewellery
 f - an amulet of guardian spirit
Wands
 g - a wand of flame (6)
Scrolls
 b - 2 scrolls of amnesia
 c - 3 scrolls of blinking {unknown}
 d - 2 scrolls of identify {unknown}
 e - a scroll of immolation {unknown}


   Skills:
 + Level 2.5 Dodging
 - Level 2.6 Stealth
 * Level 4.1 Spellcasting
 * Level 4.7 Necromancy


You had 3 spell levels left.
You knew the following spells:

 Your Spells              Type           Power      Damage    Failure   Level
a - Pain                  Necr           72%        1d7       3%          1
b - Animate Skeleton      Necr           36%        N/A       3%          1
c - Vampiric Draining     Necr           18%        2d7       11%         3
d - Animate Dead          Necr           9%         N/A       34%         4

Your spell library contained the following spells:

 Spells                   Type           Power      Damage    Failure   Level
 Sting                    Tmut/Pois      8%         1d3       24%         1
 Poisonous Vapours        Pois/Air       4%         N/A       34%         2
 Scorch                   Fire           4%         2d5       34%         2
 Agony                    Necr           18%        N/A       67%         5
 Flame Wave               Conj/Fire      3%         2d4       93%         4
 Olgreb's Toxic Radiance  Pois           2%         N/A       93%         4
 Summon Cactus Giant      Summ           1%         N/A       100%        6


Dungeon Overview and Level Annotations

Branches:
Dungeon (4/15)
 Temple: D:4-7

Altars:
Cheibriados
Yredelemnul

Annotations:
D:4 Pikel


Innate Abilities, Weirdness & Mutations

You are immune to poison.
Your flesh is cold resistant. (rC+)
You are immune to negative energy. (rN+++)
You are immune to unholy pain and torment.
You are vulnerable to heat. (rF-)
You are in touch with the powers of death.
You do not drink.


Message History

The scorpion closely misses you. The scorpion barely misses you.
Aiming: Pain (safe; 3% risk of failure)
Press: ? - help, Q - select action, (/) - cycle Shift-Dir - straight line, f/p - scorpion
Aim: a scorpion (moderately wounded, chance to affect: 76%)
You feel a surge of power!
The scorpion writhes in agony.
The scorpion barely misses you.
Aiming: Pain (safe; 3% risk of failure)
Press: ? - help, Q - select action, (/) - cycle Shift-Dir - straight line, f/p - scorpion
Aim: a scorpion (heavily wounded, chance to affect: 76%)
You feel a surge of power!
The scorpion writhes in agony.
The scorpion stings you. x2
A lemure comes into view.
The scorpion stings you.
The scorpion stings you but does no damage.
A lemure comes into view. x2
The scorpion stings you. The scorpion attacks as you move away!
The scorpion misses you. Pikel attacks as you move away!
Pikel hits you with a +2 whip of flaming.
Pikel burns you.
The lemure shouts!
The scorpion stings you. Pikel closely misses you.
A lemure comes into view.
You see here a +0 whip.
The scorpion barely misses you. Pikel waves his whip at you.
Pikel closely misses you. The scorpion attacks as you move away!
The scorpion completely misses you. Pikel attacks as you move away!
Pikel hits you with a +2 whip of flaming.
* * * LOW HITPOINT WARNING * * *
Pikel burns you.
* * * LOW HITPOINT WARNING * * *
The lemure shouts!
The scorpion stings you.
* * * LOW HITPOINT WARNING * * *
Pikel misses you. The scorpion closely misses you.
Pikel attacks as you move away!
Pikel hits you with a +2 whip of flaming!
You die...

#............5.
#..............
#........5.....
#..)....5......
#......5.......
#.....5........
##...).........
##).K..........
###..@s..........
##....######......
## ###...###
#.....
.########....##
.....
............## ...
...........##
############ #


You could see Pikel, 4 lemures and a scorpion.

Vanquished Creatures
  An orc priest (D:3)
  An iguana (D:3)
  3 adders
  A worm (D:2)
  A dart slug (D:1)
  7 orcs
  7 endoplasms
  A giant cockroach (D:1)
  3 hobgoblins
  3 jackals (D:2)
  2 quokkas (D:2)
  7 ball pythons
  5 bats
  3 frilled lizards
  6 goblins
  2 kobolds (D:1)
  3 rats
56 creatures vanquished.

Notes
Turn   | Place    | Note
-------+----------+-------------------------------------------
     0 | D:1      | Dabor the Mummy Necromancer began the quest for the Orb.
     0 | D:1      | Reached XP level 1. HP: 13/13 MP: 4/4
   231 | D:1      | Found a faded altar of an unknown god.
   254 | D:1      | Learned a level 1 spell: Animate Skeleton
   255 | D:1      | Prayed at the altar of an unknown god.
   255 | D:1      | Became a worshipper of Cheibriados the Contemplative
   255 | D:1      | Reached * piety under Cheibriados
   256 | D:1      | Fell from the grace of Cheibriados
   269 | D:1      | Reached XP level 2. HP: 19/19 MP: 3/5
  1176 | D:2      | Gained mutation: You are in touch with the powers of death.
                  | [Mummy growth]
  1176 | D:2      | Reached XP level 3. HP: 24/24 MP: 3/7
  2624 | D:3      | Reached XP level 4. HP: 25/30 MP: 1/9
  2797 | D:3      | Found a basalt altar of Yredelemnul.
  3246 | D:3      | Reached XP level 5. HP: 26/35 MP: 4/11
  3809 | D:3      | Learned a level 3 spell: Vampiric Draining
  3815 | D:3      | Learned a level 4 spell: Animate Dead
  3867 | D:4      | Noticed Pikel
  3870 | D:4      | Noticed a lemure
  3871 | D:4      | Noticed a lemure
  3871 | D:4      | Noticed a lemure
  3872 | D:4      | Noticed a lemure
  3875 | D:4      | Slain by Pikel

Illustrated notes

Levels and vault maps discovered:
D:1:      mrwooster_arrival_statue, layout_basic,
          shapermc_ecumenical_altar_totnotflames
D:2:      layout_basic
D:3:      layout_loops_corners, mainiacjoe_overflow_six_doors_small
D:4:      layout_layer_cave, uniq_pikel

Skill      XL: |  1  2  3  4 |
---------------+-------------+-----
Spellcasting   | 3 4 |  4.1
Stealth        | 2 |  2.6
Dodging        | 2 |  2.5
Necromancy     | |  4.7

Action                   |  1- 3 |  4- 6 || total
-------------------------+-------+-------++-------
Melee: Unarmed           |     4 |       ||     4
 Cast: Pain              |    99 |    48 ||   147
       Animate Skeleton  |     2 |       ||     2
Invok: Renounce Religion |     1 |       ||     1
  Use: Scroll            |     4 |       ||     4
Armor: Robe              |     5 |     5 ||    10
Dodge: Dodged            |    14 |    21 ||    35

Table legend: (Time is in decaauts)
 A = Elapsed time spent in this place.
 B = Non-inter-level travel time spent in this place.
 C = Inter-level travel time spent in this place.
 D = Time resting spent in this place.
 E = Time spent auto-exploring this place.
 F = Levels seen in this place.
 G = Mean time per level.
                   A        B        C        D        E       F      G
               +--------+--------+--------+--------+--------+-----+--------+
         Total |   4707 |   4442 |    265 |    246 |   3494 |   4 | 1176.8 |
       Dungeon |   4707 |   4442 |    265 |    246 |   3494 |   4 | 1176.8 |
               +--------+--------+--------+--------+--------+-----+--------+

Top non-repeatable levels by time:
     D:2: 1937 daAuts
     D:3: 1678 daAuts
     D:1: 1027 daAuts
     D:4: 65 daAuts
